 Dungeon Crawl Stone Soup version 0.22.1-2-g9c5b331383 (webtiles) character file.

702 flamingdaze2 the Thaumaturge (level 7, -7/47 HPs)
             Began as a Mummy Wizard on Jan 1, 2019.
             Was an Initiate of Sif Muna.
             Shot with an arrow by a centaur (11 damage)
             ... on level 6 of the Dungeon.
             The game lasted 00:40:19 (8175 turns).

flamingdaze2 the Thaumaturge (Mummy Wizard)         Turns: 8175, Time: 00:40:19

Health: -7/47      AC:  4    Str: 10    XL:     7   Next: 38%
Magic:  8/18       EV: 12    Int: 20    God:    Sif Muna [......]
Gold:   359        SH:  0    Dex: 19    Spells: 15/22 levels left

rFire    x . .     SeeInvis .   g - +1 dagger (drain)
rCold    + . .     Gourm    .   (no shield)
rNeg     + + +     Faith    .   e - +0 robe "Zent" {Dex+9}
rPois    ∞         Spirit   .   b - +0 hat
rElec    .         Reflect  .   i - scarf {cloud immunity}
rCorr    .         Harm     .   c - +0 pair of gloves
MR       .....                  f - +0 pair of boots
Stlth    ++........             (no amulet)
HPRegen  0.15/turn              (no ring)
MPRegen  0.16/turn              (no ring)

@: about to teleport
A: no food or potions, fire vulnerability, cold resistance 1, negative energy
resistance 3, torment resistance, unbreathing
a: Renounce Religion


You were on level 6 of the Dungeon.
You worshipped Sif Muna.
Sif Muna was noncommittal.
You were not hungry.

You visited 2 branches of the dungeon, and saw 7 of its levels.

You collected 359 gold pieces.

Inventory:

Hand Weapons
 g - a +1 dagger of draining (weapon)
 j - a +1 trident of pain
Armour
 a - a +2 robe
 b - a +0 hat (worn)
 c - a +0 pair of gloves (worn)
 e - the +0 robe "Zent" (worn) {Dex+9}
   (You found it on level 4 of the Dungeon)

   It affects your dexterity (+9).
 f - a +0 pair of boots (worn)
 i - a scarf of cloud immunity (worn)
 n - the +1 chain mail of the Great Game {rElec SInv, unknown}
   (You found it on level 4 of the Dungeon)

   It insulates you from electricity.
   It lets you see invisible.
 p - a cursed +0 buckler
Wands
 l - a wand of paralysis (15)
Scrolls
 d - 2 scrolls of amnesia
 h - 2 scrolls of teleportation
 k - 2 scrolls of remove curse
 m - 7 scrolls of identify
 o - 3 scrolls of enchant weapon
 q - a scroll of enchant armour


   Skills:
 + Level 0.3 Fighting
 + Level 0.1 Short Blades
 - Level 1.5 Dodging
 - Level 1.5 Stealth
 + Level 8.4 Spellcasting
 + Level 2.3 Conjurations
 + Level 3.5 Summonings
 + Level 0.8 Translocations


You had 15 spell levels left.
You knew the following spells:

 Your Spells              Type           Power        Failure   Level  Hunger
a - Magic Dart            Conj           ###.         3%          1    N/A
b - Call Imp              Summ           ###.....     2%          2    N/A
c - Blink                 Tloc           N/A          9%          2    N/A
d - Slow                  Hex            #.......     12%         2    N/A

Your spell library contained the following spells:

 Spells                   Type           Power        Failure   Level  Hunger
 Shock                    Conj/Air       ##..         4%          1    N/A
 Swiftness                Chrm/Air       #.......     12%         2    N/A
 Conjure Flame            Conj/Fire      ##......     16%         3    N/A
 Static Discharge         Conj/Air       ##......     16%         3    N/A
 Mephitic Cloud           Conj/Pois/Air  ##......     19%         3    N/A
 Airstrike                Air            #.........   63%         4    N/A
 Lightning Bolt           Conj/Air       ##........   80%         5    N/A

Dungeon Overview and Level Annotations

Branches:
Dungeon (6/15)             Temple (1/1) D:5

Altars:
Ashenzari
Cheibriados
Dithmenos
Elyvilon
Fedhas
Gozag
Hepliaklqana
Kikubaaqudgha
Makhleb
Nemelex Xobeh
Okawaru
Ru
Sif Muna
Uskayaw
Vehumet
Wu Jian
Xom
Zin


Innate Abilities, Weirdness & Mutations

You do not eat or drink.
Your flesh is vulnerable to fire.
You are immune to poison.
Your flesh is cold resistant. (rC+)
You are immune to negative energy. (rN+++)
You are immune to unholy pain and torment.
You can survive without breathing.


Message History

A leopard gecko zombie comes into view.
A giant cockroach comes into view.
Your crimson imp blinks!
The ice beast misses you.
Casting: Blink (safe; 9% risk of failure)
Confirm with . or Enter, or press ? or * to list all spells.
You blink.
A hound comes into view.
Casting: Blink (safe; 9% risk of failure)
Confirm with . or Enter, or press ? or * to list all spells.
You blink.
The hound barks!
Found a stone staircase leading up.
The centaur shoots an arrow.
The arrow hits you but does no damage.
You see here an arrow.
The centaur shoots an arrow.
The arrow hits you.
* * * LOW HITPOINT WARNING * * *
You see here an arrow.
As you read the scroll of teleportation, it crumbles to dust.
You feel strangely unstable.
The centaur shoots an arrow.
The arrow hits you!
You die...

###########
#.........#
#.........#
#.........#
#.........####
#..@(..Z.....#
#..h......##.####.##
#.........##.c......
#.........c.........
#.........####.#...#
#####.#.### #c##.##
#..... #.##.#
#....<. #.##.#
###s##'##


You could see a centaur, a hound and a leopard gecko zombie.

Vanquished Creatures
  A howler monkey (D:4)
  A hound (D:4)
  A hound skeleton (D:6)
  A worker ant zombie (D:6)
  4 adders
  An ooze (D:3)
  2 worms (D:3)
  A leopard gecko (D:5)
  3 orcs
  8 bats
  3 giant cockroaches (D:3)
  7 goblins
  6 hobgoblins
  11 jackals
  3 quokkas
  3 ball pythons
  4 frilled lizards
  4 kobolds
  A leopard gecko skeleton (D:4)
  5 rats
70 creatures vanquished.

Vanquished Creatures (collateral kills)
  A water moccasin (D:6)
  2 ogres
  2 centaurs (D:5)
  2 phantoms
  A crimson imp (D:5)
  A jelly (D:6)
  An iguana (D:6)
  3 worker ants (D:5)
  3 adders
  3 gnolls (D:3)
  An ooze (D:2)
  2 adder skeletons
  4 worms
  4 dart slugs
  2 ball pythons (D:2)
  A goblin (D:3)
  5 jackals
  2 kobolds (D:3)
  A bat (D:1)
  2 rats
43 creatures vanquished.

Grand Total: 113 creatures vanquished

Notes
Turn   | Place    | Note
-------+----------+-------------------------------------------
     0 | D:1      | flamingdaze2 the Mummy Wizard began the quest for the Orb.
     0 | D:1      | Reached XP level 1. HP: 13/13 MP: 5/5
   774 | D:1      | Reached XP level 2. HP: 19/19 MP: 3/7
   815 | D:1      | Learned a level 2 spell: Call Imp
   818 | D:1      | Learned a level 2 spell: Blink
  1078 | D:1      | Reached skill level 5 in Spellcasting
  1713 | D:2      | Reached XP level 3. HP: 19/24 MP: 1/9
  1835 | D:2      | Reached skill level 1 in Conjurations
  2389 | D:2      | Reached skill level 1 in Summonings
  2510 | D:2      | Reached XP level 4. HP: 28/30 MP: 5/11
  3111 | D:3      | Reached skill level 6 in Spellcasting
  4114 | D:3      | Reached XP level 5. HP: 35/35 MP: 7/14
  4641 | D:4      | Got a faintly glowing robe
  4754 | D:3      | Identified the +0 robe "Zent" {Dex+9} (You found it on
                  | level 4 of the Dungeon)
  4846 | D:4      | Noticed a phantom
  5154 | D:4      | Noticed an ogre
  5210 | D:4      | Killed an ogre
  5210 | D:4      | Reached skill level 7 in Spellcasting
  5426 | D:4      | Got a slimy chain mail
  5563 | D:4      | Found a shattered altar of Ashenzari.
  5572 | D:4      | Noticed a phantom
  5670 | D:4      | Killed a phantom
  5670 | D:4      | Reached XP level 6. HP: 22/41 MP: 10/16
  5674 | D:4      | Learned a level 2 spell: Slow
  5964 | D:5      | Entered Level 5 of the Dungeon
  5964 | D:5      | Found a staircase to the Ecumenical Temple.
  7010 | D:5      | Reached XP level 7. HP: 46/46 MP: 9/18
  7337 | D:5      | Reached skill level 8 in Spellcasting
  7345 | Temple   | Entered the Ecumenical Temple
  7368 | Temple   | Became a worshipper of Sif Muna the Loreminder
  7782 | D:6      | Found an iron altar of Okawaru.
  7787 | D:6      | Found an ornate altar of the Wu Jian Council.
  7787 | D:6      | Found a sacrificial altar of Ru.
  8175 | D:6      | Shot with an arrow by a centaur

Skill      XL: |  1  2  3  4  5  6  7 |
---------------+----------------------+-----
Spellcasting   | 5 6 7 8 |  8.4
Conjurations   | 1 2 |  2.3
Summonings     | 1 2 3 |  3.5
Fighting       | |  0.3
Short Blades   | |  0.1
Dodging        | |  1.5
Stealth        | |  1.5
Translocations | |  0.8

Action                   |  1- 3 |  4- 6 |  7- 9 || total
-------------------------+-------+-------+-------++-------
Melee: Dagger            |     6 |    16 |     1 ||    23
 Cast: Magic Dart        |    99 |   130 |    20 ||   249
       Call Imp          |    10 |    58 |    22 ||    90
       Blink             |     1 |     1 |     3 ||     5
  Use: Scroll            |     8 |     3 |     1 ||    12
Armor: Robe              |    16 |    31 |     6 ||    53
Dodge: Dodged            |    35 |    61 |    23 ||   119
